 Dungeon Crawl Stone Soup version 0.29-a0-284-gf9362112df (webtiles) character file.

Game seed: 7673254150741196576

62 sammy202020 the Skirmisher (level 3, -2/43 HPs)
             Began as a Demonspawn Berserker on Mar 31, 2022.
             Was a Believer of Trog.
             Slain by a gnoll
             ... wielding a +0 flail
              (4 damage)
             ... on level 2 of the Dungeon.
             The game lasted 00:01:57 (1373 turns).

sammy202020 the Skirmisher (Demonspawn Berserker)   Turns: 1373, Time: 00:01:57

Health: -2/43      AC:  5    Str: 19    XL:     3   Next: 85%
Magic:  3/3        EV: 12    Int:  8    God:    Trog [**....]
Gold:   42         SH:  0    Dex: 12    Spells: 2/2 levels left

rFire   . . .      SeeInvis .   a - +0 spear
rCold   . . .      Faith    .   (no shield)
rNeg    . . .      Spirit   .   b - +0 animal skin
rPois   .          Reflect  .   (no helmet)
rElec   .          Harm     .   (no cloak)
rCorr   .          Rampage  .   (no gloves)
Will    .....                   (no boots)
Stlth   ..........              (no amulet)
HPRegen 0.14/turn               (no ring)
MPRegen 0.08/turn               (no ring)

@: berserking, very quick
A: yellow scales 2
a: Renounce Religion, Berserk, Trog's Hand


You were on level 2 of the Dungeon.
You worshipped Trog.
Trog was pleased with you.
You visited 1 branch of the dungeon, and saw 2 of its levels.

You collected 42 gold pieces.

Inventory:

Hand Weapons
 a - a +0 spear (weapon)
 g - a +0 club
 i - a +0 mace
Armour
 b - a +0 animal skin (worn)
Scrolls
 e - 2 scrolls of magic mapping {unknown}
 f - a scroll of fog {unknown}
 h - a scroll of enchant armour {unknown}
 k - a scroll of vulnerability {unknown}
Potions
 c - a potion of brilliance {unknown}
 d - 2 potions of curing {unknown}
 j - a potion of haste


   Skills:
 * Level 3.5 Fighting
 + Level 0.1 Maces & Flails
 * Level 3.3 Polearms
 * Level 2.4 Armour
 + Level 2.2 Dodging


You had 2 spell levels left.
You didn't know any spells.
Your spell library was empty.

Dungeon Overview and Level Annotations

Branches:
Dungeon (2/15)

Altars:


Innate Abilities, Weirdness & Mutations

You are mostly covered in yellow scales. (AC +3)


Message History

You are too injured to fight recklessly!
You are too injured to fight recklessly!
You are too injured to fight recklessly!
You are too injured to fight recklessly!
Unknown command.
You are too injured to fight recklessly!
You are too injured to fight recklessly!
You are too injured to fight recklessly!
You are too injured to fight recklessly!
You are too injured to fight recklessly!
You hit the gnoll.
The gnoll is lightly wounded.
The gnoll misses you. The gnoll hits you but does no damage.
You hit the gnoll.
The gnoll is heavily wounded.
The gnoll closely misses you. The gnoll hits you with a +0 club.
You barely miss the gnoll.
The gnoll is heavily wounded.
You barely miss the gnoll.
The gnoll is heavily wounded.
The gnoll misses you. The gnoll hits you with a +0 flail.
You closely miss the gnoll.
The gnoll is heavily wounded.
The gnoll barely misses you. The gnoll hits you with a +0 flail!
* * * LOW HITPOINT WARNING * * *
Unknown command.
A red film seems to cover your vision as you go berserk!
You feel yourself moving faster!
You feel mighty! The gnoll barely misses you. The gnoll misses you.
You hit the gnoll.
The gnoll is severely wounded.
The gnoll misses you. The gnoll barely misses you.
You barely miss the gnoll.
The gnoll is severely wounded.
You puncture the gnoll!
You kill the gnoll!
Trog accepts your kill. The gnoll closely misses you.
You barely miss the gnoll. The gnoll hits you with a +0 flail.
You die...

.....(........#
...........#.#
#............#
##.#.#####.####
#....# #.#
#####....# #.#
#........# #.#
.#.####?#.#####.#
......)@#.......#
#######g#######.#
... ### .....
##...#. ##.####
#.# #.#


You could see a gnoll.

Vanquished Creatures
  2 gnolls (D:2)
  A worm (D:2)
  A dart slug (D:2)
  An orc (D:2)
  6 bats (D:1)
  3 endoplasms
  2 giant cockroaches
  2 hobgoblins
  2 quokkas (D:1)
  3 ball pythons
  6 frilled lizards
  3 goblins (D:1)
  3 kobolds
  A rat (D:2)
36 creatures vanquished.

Notes
Turn   | Place    | Note
-------+----------+-------------------------------------------
     0 | D:1      | sammy202020 the Demonspawn Berserker began the quest for
                  | the Orb.
     0 | D:1      | Reached XP level 1. HP: 18/18 MP: 1/1
   265 | D:1      | Gained mutation: You are partially covered in yellow
                  | scales. (AC +2) [demonic ancestry]
   265 | D:1      | Reached XP level 2. HP: 24/24 MP: 2/2
   411 | D:1      | Found a faded altar of an unknown god.
   560 | D:1      | Reached ** piety under Trog
   928 | D:2      | Gained mutation: You are mostly covered in yellow scales.
                  | (AC +3) [demonic ancestry]
   928 | D:2      | Reached XP level 3. HP: 26/29 MP: 3/3
  1368 | D:2      | HP: 1/29 [gnoll/+0 flail (8)]
  1373 | D:2      | Slain by a gnoll

Illustrated notes

Levels and vault maps discovered:
D:1:      zaba_arrival_water, layout_loops_cross,
          hellmonk_ecumenical_altar_heavens_door
D:2:      layout_loops_ring, serial_shops, shop, grunt_ministairs_10,
          hangedman_decor_growths, nrook_loot_triangle

Skill      XL: |  1  2 |
---------------+-------+-----
Dodging        | 2 |  2.2
Armour         | 2 |  2.4
Polearms       | 3 |  3.3
Fighting       | |  3.5
Maces & Flails | |  0.1

Action                   || total
-------------------------++-------
Melee: Spear             ||   138
       Punch             ||     1
Invok: Berserk           ||     1
 Stab: Sleeping          ||     3
Armor: Animal skin       ||    29
Dodge: Dodged            ||    69

Table legend: (Time is in decaauts)
 A = Elapsed time spent in this place.
 B = Non-inter-level travel time spent in this place.
 C = Inter-level travel time spent in this place.
 D = Time resting spent in this place.
 E = Time spent auto-exploring this place.
 F = Levels seen in this place.
 G = Mean time per level.
                   A        B        C        D        E       F      G
               +--------+--------+--------+--------+--------+-----+--------+
         Total |   1371 |   1331 |     40 |      0 |   1106 |   2 |  685.5 |
       Dungeon |   1371 |   1331 |     40 |      0 |   1106 |   2 |  685.5 |
               +--------+--------+--------+--------+--------+-----+--------+

Top non-repeatable levels by time:
     D:1: 908 daAuts
     D:2: 463 daAuts
